Abbotsford Heat vs Philadelphia Phantoms
Created - Saturday, June 24, 2023 at 06:30
Goals
|
| Abbotsford Heat |
1 |
1 |
1 |
0 |
2 |
4 |
| Philadelphia Phantoms |
2 |
1 |
0 |
0 |
1 |
3 |
|
Shots
|
| Abbotsford Heat |
11 |
12 |
14 |
5 |
5 |
42 |
| Philadelphia Phantoms |
19 |
10 |
13 |
4 |
5 |
46 |
|
1st period
1. Abbotsford Heat , Yakov Trenin 35 (Rafael Harvey-Pinard 43) at 14:37
2. Philadelphia Phantoms , Alexander Holtz 45 (Jaret Anderson-Dolan 49, Tyson Foerster 16) at 16:01 (PP)
3. Philadelphia Phantoms , Alex Steeves 15 (Otto Koivula 26, Mason Shaw 21) at 19:39
Penalties :
Mason Shaw (PHI) for Interference (Minor) at 11:35, Cole Sillinger (ABH) for Roughing (Minor) at 15:28
2nd period
4. Philadelphia Phantoms , Ben McCartney 9 (Derrick Pouliot 21, Jack McBain 46) at 4:37
5. Abbotsford Heat , Cole Perfetti 27 (Bobby Brink 47, Yakov Trenin 47) at 13:35 (PP)
Penalties :
Brett Murray (PHI) for Fighting (Major) at 6:33, Vincent Desharnais (ABH) for Fighting (Major) at 6:33, Nathan Bastian (PHI) for Tripping (Minor) at 13:27, Juuso Valimaki (PHI) for Hooking (Minor) at 15:40
3rd period
6. Abbotsford Heat , Gabriel Fortier 6 (Vincent Desharnais 23) at 15:34
Penalties :
Brett Murray (PHI) for Cross-checking (Minor) at 0:42, Jaret Anderson-Dolan (PHI) for Cross-checking (Minor) at 9:18, William Borgen (PHI) for Interference (Minor) at 17:26
Overtime #1
No Goal
Penalties :
Yakov Trenin (ABH) for Roughing (Minor) at 0:19
Shootout
Abbotsford Heat, Yakov Trenin - Stopped by Connor Ingram
Philadelphia Phantoms, Nick Cousins - Stopped by Pheonix Copley
Abbotsford Heat, Cole Sillinger - Shot Misses the Net
Philadelphia Phantoms, Jaret Anderson-Dolan - Shot Misses the Net
Abbotsford Heat, Bobby Brink - Stopped by Connor Ingram
Philadelphia Phantoms, Blake Lizotte - Stopped by Pheonix Copley
Abbotsford Heat, Cole Perfetti - Goal!
Philadelphia Phantoms, Jack McBain - Goal!
Abbotsford Heat, Benoit-Olivier Groulx - Goal!
Philadelphia Phantoms, Nathan Bastian - Stopped by Pheonix Copley
Penalties :
No Penalty
Goalie Stats
Pheonix Copley (ABH), 43 saves from 46 shots - (0.935), W, 16-20-1, 65:00 minutes
Connor Ingram (PHI), 39 saves from 42 shots - (0.929), OTL, 27-16-9, 65:00 minutes
Players Stats for Abbotsford Heat
Player Name G A P +/- PIM S H SB GA TA FO MP PP MP PK MP
------------------------------------------------------------------------------------
Alex Limoges 0 0 0 -1 0 2 1 0 0 0 0/0 12:51 0:00 0:00
Benoit-Olivier Groulx 0 0 0 -1 0 3 0 0 0 0 6/16 14:39 0:00 1:03
Bobby Brink 0 1 1 0 0 3 3 1 2 0 1/4 21:21 5:29 0:15
Cole Perfetti 1 0 1 0 0 10 1 0 0 1 0/0 21:14 5:29 0:15
Cole Sillinger 0 0 0 0 2 6 1 0 1 0 13/24 20:51 4:34 0:50
Daniil Miromanov 0 0 0 1 0 1 0 1 0 1 0/0 15:55 0:00 0:00
Dennis Gilbert 0 0 0 -1 0 1 1 1 1 1 0/0 24:24 4:56 0:54
Filip Chlapik 0 0 0 1 0 0 0 0 0 0 0/2 3:27 0:00 0:00
Gabriel Fortier 1 0 1 1 0 1 1 0 0 0 0/0 7:54 0:00 0:00
Jacob Peterson 0 0 0 -1 0 2 0 0 2 1 1/1 17:37 0:00 0:00
Lane Pederson 0 0 0 0 0 1 1 1 0 1 0/0 18:39 4:34 0:00
Michael Anderson 0 0 0 0 0 0 4 0 0 0 0/0 26:39 5:07 1:38
Rafael Harvey-Pinard 0 1 1 0 0 6 1 0 0 1 1/2 18:38 4:34 0:00
Ryan Merkley 0 0 0 0 0 1 1 3 1 2 0/0 26:53 5:07 1:38
Shane Pinto 0 0 0 1 0 0 1 0 0 0 0/3 8:48 0:00 0:24
Vincent Desharnais 0 1 1 -1 5 1 1 2 0 3 0/0 21:45 4:56 0:54
Wyatt Newpower 0 0 0 1 0 0 2 0 0 1 0/0 14:23 0:00 0:00
Yakov Trenin 1 1 2 0 2 4 2 0 1 1 10/23 21:27 5:29 0:18
Players Stats for Philadelphia Phantoms
Player Name G A P +/- PIM S H SB GA TA FO MP PP MP PK MP
------------------------------------------------------------------------------------
Alex Steeves 1 0 1 1 0 1 0 2 0 0 0/0 10:57 0:00 0:00
Alexander Holtz 1 0 1 -1 0 1 0 0 1 0 0/1 16:16 0:13 4:41
Ben McCartney 1 0 1 1 0 4 3 0 1 0 0/0 13:11 0:00 0:05
Blake Lizotte 0 0 0 -1 0 7 3 1 1 0 20/30 22:09 0:20 4:41
Brad Hunt 0 0 0 -1 0 2 1 1 1 0 0/0 23:06 0:33 0:14
Brett Murray 0 0 0 -1 7 1 2 0 0 0 0/0 10:16 0:00 0:00
Casey Fitzgerald 0 0 0 0 0 1 1 0 0 0 0/0 14:22 0:00 4:31
Derrick Pouliot 0 1 1 1 0 2 2 3 0 2 0/0 27:25 0:00 5:49
Erik Gustafsson 0 0 0 1 0 0 2 2 0 2 0/0 23:45 0:33 1:23
Jack McBain 0 1 1 1 0 6 3 0 2 0 7/17 17:32 0:00 4:56
Jaret Anderson-Dolan 0 1 1 -1 2 2 2 0 3 2 7/13 14:56 0:13 0:21
Juuso Valimaki 0 0 0 -1 2 1 1 4 0 0 0/0 26:25 0:00 3:58
Mason Shaw 0 1 1 1 2 3 0 0 0 0 6/10 11:18 0:00 0:00
Nathan Bastian 0 0 0 -1 2 6 5 0 1 0 3/4 18:21 0:20 0:26
Nick Cousins 0 0 0 -1 0 3 0 0 3 1 0/0 17:53 0:20 0:00
Otto Koivula 0 1 1 1 0 6 0 0 0 0 0/0 10:57 0:00 0:00
Tyson Foerster 0 1 1 1 0 0 3 1 0 1 0/0 17:11 0:13 4:56
William Borgen 0 0 0 0 2 0 1 0 0 0 0/0 13:50 0:00 4:11
3 Stars
1 - Pheonix Copley (ABH)
2 - Ben McCartney (PHI)
3 - Gabriel Fortier (ABH)
Power Play
Abbotsford Heat - 1 on 6 Attempt(s) - 16.67%
Philadelphia Phantoms - 1 on 2 Attempt(s) - 50.00%
Penalty Kill
Abbotsford Heat - 1 on 2 Attempt(s) - 50.00%
- Score 0 goal in Penalty Kill
Philadelphia Phantoms - 5 on 6 Attempt(s) - 83.33%
- Score 0 goal in Penalty Kill
Team Stat
Abbotsford Heat - Hits : 21 - Faceoff Wins : 32 - Blocked Shots : 9 - Penalty Minutes : 9
Philadelphia Phantoms - Hits : 29 - Faceoff Wins : 43 - Blocked Shots : 14 - Penalty Minutes : 17
Official
Referees : Graham Skiliter and Marc Joannette
Linesman : Mike Cvik and Scott Driscoll
Game Notes
Brett Murray beats up Vincent Desharnais at 6:33 of 2nd period
Abbotsford Heat
5 vs 5 Forward
Center Left Wing Right Wing Time % Phy DF OF
1 Yakov Trenin Cole Perfetti Bobby Brink 30 1 2 2
2 Cole Sillinger Rafael Harvey-Pinard Lane Pederson 30 1 2 2
3 Benoit-Olivier Groulx Alex Limoges Jacob Peterson 25 1 2 2
4 Jacob Peterson Gabriel Fortier Shane Pinto 15 1 2 2
5 vs 5 Defense
Defense Defense Time % Phy DF OF
1 Michael Anderson Ryan Merkley 35 1 2 2
2 Vincent Desharnais Dennis Gilbert 35 1 2 2
3 Daniil Miromanov Wyatt Newpower 30 1 2 2
4 Michael Anderson Ryan Merkley 0 1 2 2
PowerPlay Forward
Center Left Wing Right Wing Time % Phy DF OF
1 Yakov Trenin Cole Perfetti Bobby Brink 50 1 2 2
2 Cole Sillinger Rafael Harvey-Pinard Lane Pederson 50 1 2 2
PowerPlay Defense
Defense Defense Time % Phy DF OF
1 Michael Anderson Ryan Merkley 50 1 2 2
2 Vincent Desharnais Dennis Gilbert 50 1 2 2
Penalty Kill 4 Players Forward
Center Wing Time % Phy DF OF
1 Yakov Trenin Cole Sillinger 50 1 2 2
2 Bobby Brink Cole Perfetti 50 1 2 2
Penalty Kill 4 Players Defense
Defense Defense Time % Phy DF OF
1 Michael Anderson Ryan Merkley 50 1 2 2
2 Vincent Desharnais Dennis Gilbert 50 1 2 2
Penalty Kill - 3 Players Forward
Forward Time % Phy DF OF
1 Yakov Trenin 50 1 2 2
2 Cole Sillinger 50 1 2 2
Penalty Kill - 3 Players Defense
Defense Defense Time % Phy DF OF
1 Michael Anderson Ryan Merkley 50 1 2 2
2 Vincent Desharnais Dennis Gilbert 50 1 2 2
4 vs 4 Forward
Center Wing Time % Phy DF OF
1 Yakov Trenin Cole Sillinger 50 1 2 2
2 Bobby Brink Cole Perfetti 50 1 2 2
4 vs 4 Defense
Defense Defense Time % Phy DF OF
1 Michael Anderson Ryan Merkley 50 1 2 2
2 Vincent Desharnais Dennis Gilbert 50 1 2 2
Last Minutes Offensive
Center Left Wing Right Wing Defense Defense
Yakov Trenin Cole Perfetti Bobby Brink Michael Anderson Ryan Merkley
Last Minutes Defensive
Center Left Wing Right Wing Defense Defense
Yakov Trenin Cole Perfetti Bobby Brink Michael Anderson Ryan Merkley
Goaltenders
Starting : Pheonix Copley
Backup : Ivan Prosvetov
Extra Forwards
Normal : Filip Chlapik, Shane Pinto, Benoit-Olivier Groulx - PP : Filip Chlapik, Shane Pinto - PK : Benoit-Olivier Groulx
Extra Defensemen
Normal : Daniil Miromanov, Wyatt Newpower, Vincent Desharnais - PP : Daniil Miromanov - PK : Wyatt Newpower, Vincent Desharnais
Penalty Shots
Yakov Trenin, Cole Sillinger, Bobby Brink, Cole Perfetti, Benoit-Olivier Groulx
Philadelphia Phantoms
5 vs 5 Forward
Center Left Wing Right Wing Time % Phy DF OF
1 Blake Lizotte Nick Cousins Nathan Bastian 30 1 1 3
2 Jaret Anderson-Dolan Brett Murray Alexander Holtz 25 1 2 2
3 Jack McBain Ben McCartney Tyson Foerster 25 1 2 2
4 Mason Shaw Otto Koivula Alex Steeves 20 1 3 1
5 vs 5 Defense
Defense Defense Time % Phy DF OF
1 Erik Gustafsson Derrick Pouliot 40 1 2 2
2 Brad Hunt Juuso Valimaki 40 1 2 2
3 William Borgen Casey Fitzgerald 20 1 3 1
4 Erik Gustafsson Derrick Pouliot 0 1 2 2
PowerPlay Forward
Center Left Wing Right Wing Time % Phy DF OF
1 Blake Lizotte Nick Cousins Nathan Bastian 50 0 0 5
2 Jaret Anderson-Dolan Tyson Foerster Alexander Holtz 50 0 0 5
PowerPlay Defense
Defense Defense Time % Phy DF OF
1 Erik Gustafsson Brad Hunt 50 1 1 3
2 Derrick Pouliot Juuso Valimaki 50 1 1 3
Penalty Kill 4 Players Forward
Center Wing Time % Phy DF OF
1 Jack McBain Tyson Foerster 50 1 3 1
2 Blake Lizotte Alexander Holtz 50 1 3 1
Penalty Kill 4 Players Defense
Defense Defense Time % Phy DF OF
1 Derrick Pouliot William Borgen 50 1 3 1
2 Juuso Valimaki Casey Fitzgerald 50 1 3 1
Penalty Kill - 3 Players Forward
Forward Time % Phy DF OF
1 Jack McBain 50 0 4 1
2 Blake Lizotte 50 0 4 1
Penalty Kill - 3 Players Defense
Defense Defense Time % Phy DF OF
1 Derrick Pouliot William Borgen 50 0 4 0
2 Juuso Valimaki Casey Fitzgerald 50 1 4 0
4 vs 4 Forward
Center Wing Time % Phy DF OF
1 Blake Lizotte Nick Cousins 50 1 1 3
2 Jaret Anderson-Dolan Nathan Bastian 50 1 2 2
4 vs 4 Defense
Defense Defense Time % Phy DF OF
1 Erik Gustafsson Derrick Pouliot 50 1 2 2
2 Brad Hunt Juuso Valimaki 50 1 2 2
Last Minutes Offensive
Center Left Wing Right Wing Defense Defense
Blake Lizotte Nick Cousins Nathan Bastian Erik Gustafsson Brad Hunt
Last Minutes Defensive
Center Left Wing Right Wing Defense Defense
Jack McBain Blake Lizotte Nathan Bastian Derrick Pouliot William Borgen
Goaltenders
Starting : Connor Ingram
Backup : Dereck Baribeau
Extra Forwards
Normal : Nick Cousins, Nathan Bastian, Jaret Anderson-Dolan - PP : Blake Lizotte, Nick Cousins - PK : Nathan Bastian
Extra Defensemen
Normal : Derrick Pouliot, Erik Gustafsson, William Borgen - PP : Derrick Pouliot - PK : Juuso Valimaki, Derrick Pouliot
Penalty Shots
Nick Cousins, Jaret Anderson-Dolan, Blake Lizotte, Jack McBain, Nathan Bastian
% Time on Ice - Abbotsford Heat
Lines # - Real PCT - Wanted PCT - Time Play
Normal Forward
1 - 30% - 30% - 14:35
2 - 28% - 30% - 14:04
3 - 26% - 25% - 12:51
4 - 16% - 15% - 7:54
Normal Defense
1 - 36% - 35% - 17:37
2 - 35% - 35% - 17:20
3 - 29% - 30% - 14:23
4 - 0% - 0% - 0:04
PP Forward
1 - 55% - 50% - 5:29
2 - 45% - 50% - 4:34
PP Defense
1 - 51% - 50% - 5:07
2 - 49% - 50% - 4:56
PK Forward
1 - 55% - 50% - 0:18
2 - 45% - 50% - 0:15
PK Defense
1 - 100% - 50% - 0:33
2 - 0% - 50% - 0:00
PK3 Forward
1 - 92% - 50% - 1:50
2 - 8% - 50% - 0:09
PK3 Defense
1 - 55% - 50% - 1:05
2 - 45% - 50% - 0:54
44 Forward
1 - 53% - 50% - 1:36
2 - 47% - 50% - 1:25
44 Defense
1 - 59% - 50% - 1:47
2 - 41% - 50% - 1:14
Last Minute Offensive - 0:00
Last Minute Defensive - 0:00
Total
Forward - 65:00
Defense - 65:00
|
% Time on Ice - Philadelphia Phantoms
Lines # - Real PCT - Wanted PCT - Time Play
Normal Forward
1 - 30% - 30% - 14:57
2 - 24% - 25% - 11:40
3 - 24% - 25% - 11:50
4 - 22% - 20% - 10:57
Normal Defense
1 - 40% - 40% - 19:53
2 - 41% - 40% - 20:05
3 - 19% - 20% - 9:09
4 - 1% - 0% - 0:17
PP Forward
1 - 61% - 50% - 0:20
2 - 39% - 50% - 0:13
PP Defense
1 - 100% - 50% - 0:33
2 - 0% - 50% - 0:00
PK Forward
1 - 50% - 50% - 5:01
2 - 50% - 50% - 5:02
PK Defense
1 - 52% - 50% - 5:14
2 - 48% - 50% - 4:49
PK3 Forward
1 - 0% - 50%
2 - 0% - 50%
PK3 Defense
1 - 0% - 50%
2 - 0% - 50%
44 Forward
1 - 45% - 50% - 2:16
2 - 55% - 50% - 2:44
44 Defense
1 - 46% - 50% - 2:17
2 - 54% - 50% - 2:43
Last Minute Offensive - 0:00
Last Minute Defensive - 0:00
Total
Forward - 65:00
Defense - 65:00
|
Play-by-Play
1st period
0:01 of 1st period - Blake Lizotte wins face-off versus Yakov Trenin in neutral zone.
0:03 of 1st period - Off-side.
0:04 of 1st period - Yakov Trenin wins face-off versus Blake Lizotte in neutral zone.
0:54 of 1st period - Wrist shot by Cole Perfetti.
0:54 of 1st period - Stopped by Connor Ingram with a rebound.
0:56 of 1st period - Slapshot by Ryan Merkley.
0:56 of 1st period - Deflect By Bobby Brink.
0:56 of 1st period - Shot Misses the Net.
0:56 of 1st period - Puck is out of play.
0:57 of 1st period - Jaret Anderson-Dolan wins face-off versus Cole Sillinger in Philadelphia Phantoms zone.
1:29 of 1st period - Snap shot by Otto Koivula.
1:29 of 1st period - Stopped by Pheonix Copley with a rebound.
1:47 of 1st period - Wrist shot by Nathan Bastian.
1:47 of 1st period - Stopped by Pheonix Copley with a rebound.
1:55 of 1st period - Wrist shot by Nick Cousins.
1:55 of 1st period - Stopped by Pheonix Copley with a rebound.
2:31 of 1st period - Slapshot by Cole Sillinger.
2:31 of 1st period - Stopped by Connor Ingram with a rebound.
2:33 of 1st period - Wrist shot by Rafael Harvey-Pinard.
2:33 of 1st period - Stopped by Connor Ingram with a rebound.
2:35 of 1st period - Wrist shot by Cole Sillinger.
2:35 of 1st period - Stopped by Connor Ingram without a rebound.
2:36 of 1st period - Blake Lizotte wins face-off versus Yakov Trenin in Philadelphia Phantoms zone.
3:01 of 1st period - Yakov Trenin is hit by Jack McBain and loses puck.
3:51 of 1st period - Yakov Trenin is hit by Tyson Foerster and loses puck.
4:02 of 1st period - Wrist shot by Jack McBain.
4:02 of 1st period - Shot Misses the Net.
4:22 of 1st period - Slapshot by Cole Perfetti.
4:22 of 1st period - Shot Blocked by Tyson Foerster.
4:43 of 1st period - Snap shot by Jack McBain.
4:43 of 1st period - Stopped by Pheonix Copley without a rebound.
4:44 of 1st period - Cole Sillinger wins face-off versus Jaret Anderson-Dolan in Abbotsford Heat zone.
4:57 of 1st period - Snap shot by Rafael Harvey-Pinard.
4:57 of 1st period - Shot Misses the Net.
9:11 of 1st period - Benoit-Olivier Groulx is hit by Nathan Bastian.
9:33 of 1st period - Brett Murray is hit by Wyatt Newpower and loses puck.
9:44 of 1st period - Cole Sillinger is hit by Jack McBain and loses puck.
10:18 of 1st period - Icing by Benoit-Olivier Groulx.
10:19 of 1st period - Blake Lizotte wins face-off versus Benoit-Olivier Groulx in Abbotsford Heat zone.
10:20 of 1st period - Snap shot by Alexander Holtz.
10:20 of 1st period - Deflect By Alex Steeves.
10:20 of 1st period - Shot Misses the Net.
10:20 of 1st period - Puck is out of play.
10:21 of 1st period - Mason Shaw wins face-off versus Benoit-Olivier Groulx in Abbotsford Heat zone.
10:26 of 1st period - Snap shot by Otto Koivula.
10:26 of 1st period - Stopped by Pheonix Copley with a rebound.
10:28 of 1st period - Wrist shot by Mason Shaw.
10:28 of 1st period - Shot Misses the Net.
10:30 of 1st period - Snap shot by Otto Koivula.
10:30 of 1st period - Stopped by Pheonix Copley without a rebound.
10:31 of 1st period - Blake Lizotte wins face-off versus Cole Sillinger in Abbotsford Heat zone.
11:04 of 1st period - Snap shot by Jaret Anderson-Dolan.
11:04 of 1st period - Stopped by Pheonix Copley with a rebound.
11:08 of 1st period - Wrist shot by Jaret Anderson-Dolan.
11:08 of 1st period - Shot Blocked by Ryan Merkley.
11:10 of 1st period - Backhand shot by Brett Murray.
11:10 of 1st period - Stopped by Pheonix Copley without a rebound.
11:11 of 1st period - Mason Shaw wins face-off versus Cole Sillinger in Abbotsford Heat zone.
11:15 of 1st period - Icing by Michael Anderson.
11:16 of 1st period - Rafael Harvey-Pinard wins face-off versus Mason Shaw in Abbotsford Heat zone.
11:16 of 1st period - Rafael Harvey-Pinard is hit by Erik Gustafsson.
11:35 of 1st period - Minor Penalty to Mason Shaw for Interference.
11:36 of 1st period - Yakov Trenin wins face-off versus Jack McBain in Philadelphia Phantoms zone.
11:50 of 1st period - Snap shot by Cole Perfetti.
11:50 of 1st period - Shot Misses the Net.
12:01 of 1st period - Icing by Ryan Merkley.
12:02 of 1st period - Cole Sillinger wins face-off versus Jack McBain in Abbotsford Heat zone.
12:09 of 1st period - Snap shot by Cole Sillinger.
12:09 of 1st period - Stopped by Connor Ingram without a rebound.
12:10 of 1st period - Cole Sillinger wins face-off versus Blake Lizotte in Philadelphia Phantoms zone.
12:19 of 1st period - Snap shot by Blake Lizotte.
12:19 of 1st period - Stopped by Pheonix Copley without a rebound.
12:20 of 1st period - Cole Sillinger wins face-off versus Alexander Holtz in Abbotsford Heat zone.
12:54 of 1st period - Slapshot by Lane Pederson.
12:54 of 1st period - Shot Misses the Net.
13:06 of 1st period - William Borgen is hit by Yakov Trenin and loses puck.
13:35 of 1st period - Penalty to Mason Shaw is over, Mason Shaw is back on ice.
13:50 of 1st period - Snap shot by Mason Shaw.
13:50 of 1st period - Stopped by Pheonix Copley without a rebound.
13:51 of 1st period - Mason Shaw wins face-off versus Benoit-Olivier Groulx in Abbotsford Heat zone.
13:56 of 1st period - Slapshot by Otto Koivula.
13:56 of 1st period - Stopped by Pheonix Copley with a rebound.
14:16 of 1st period - Lane Pederson is hit by Blake Lizotte and loses puck.
14:37 of 1st period - Wrist shot by Yakov Trenin.
14:37 of 1st period - Goal by Yakov Trenin - Abbotsford Heat : 1 - Philadelphia Phantoms : 0.
14:38 of 1st period - Blake Lizotte wins face-off versus Cole Sillinger in neutral zone.
14:51 of 1st period - Snap shot by Cole Sillinger.
14:51 of 1st period - Shot Misses the Net.
14:53 of 1st period - Slapshot by Rafael Harvey-Pinard.
14:53 of 1st period - Stopped by Connor Ingram without a rebound.
14:54 of 1st period - Jaret Anderson-Dolan wins face-off versus Shane Pinto in Philadelphia Phantoms zone.
15:19 of 1st period - Snap shot by Nathan Bastian.
15:19 of 1st period - Shot Blocked by Dennis Gilbert.
15:21 of 1st period - Slapshot by Brad Hunt.
15:21 of 1st period - Deflect By Cole Sillinger.
15:21 of 1st period - Stopped by Pheonix Copley with a rebound.
15:23 of 1st period - Slapshot by Juuso Valimaki.
15:23 of 1st period - Stopped by Pheonix Copley with a rebound.
15:25 of 1st period - Snap shot by Nathan Bastian.
15:25 of 1st period - Stopped by Pheonix Copley without a rebound.
15:26 of 1st period - Cole Sillinger wins face-off versus Blake Lizotte in Abbotsford Heat zone.
15:28 of 1st period - Minor Penalty to Cole Sillinger for Roughing.
15:29 of 1st period - Blake Lizotte wins face-off versus Yakov Trenin in Abbotsford Heat zone.
15:45 of 1st period - Slapshot by Nathan Bastian.
15:45 of 1st period - Stopped by Pheonix Copley with a rebound.
16:01 of 1st period - Wrist shot by Jaret Anderson-Dolan.
16:01 of 1st period - Deflect By Alexander Holtz.
16:01 of 1st period - Goal by Alexander Holtz - Abbotsford Heat : 1 - Philadelphia Phantoms : 1.
16:02 of 1st period - Cole Sillinger wins face-off versus Blake Lizotte in neutral zone.
16:32 of 1st period - Jack McBain is hit by Michael Anderson and loses puck.
16:57 of 1st period - Snap shot by Cole Perfetti.
16:57 of 1st period - Stopped by Connor Ingram with a rebound.
17:07 of 1st period - Vincent Desharnais is hit by Derrick Pouliot and loses puck.
17:34 of 1st period - Dennis Gilbert is hit by William Borgen and loses puck.
17:39 of 1st period - Slapshot by Blake Lizotte.
17:39 of 1st period - Stopped by Pheonix Copley with a rebound.
17:49 of 1st period - Backhand shot by Yakov Trenin.
17:49 of 1st period - Shot Misses the Net.
17:51 of 1st period - Slapshot by Dennis Gilbert.
17:51 of 1st period - Shot Misses the Net.
17:53 of 1st period - Wrist shot by Cole Perfetti.
17:53 of 1st period - Stopped by Connor Ingram without a rebound.
17:54 of 1st period - Jack McBain wins face-off versus Yakov Trenin in Philadelphia Phantoms zone.
17:54 of 1st period - Jack McBain is hit by Yakov Trenin.
18:45 of 1st period - Erik Gustafsson is hit by Alex Limoges.
18:49 of 1st period - Wrist shot by Benoit-Olivier Groulx.
18:49 of 1st period - Stopped by Connor Ingram with a rebound.
18:51 of 1st period - Snap shot by Jacob Peterson.
18:51 of 1st period - Deflect By Alex Limoges.
18:51 of 1st period - Deflect By Erik Gustafsson.
18:51 of 1st period - Stopped by Connor Ingram with a rebound.
19:10 of 1st period - Alex Steeves is hit by Vincent Desharnais and loses puck.
19:27 of 1st period - Wrist shot by Mason Shaw.
19:27 of 1st period - Shot Misses the Net.
19:29 of 1st period - Snap shot by Mason Shaw.
19:29 of 1st period - Stopped by Pheonix Copley with a rebound.
19:31 of 1st period - Backhand shot by Otto Koivula.
19:31 of 1st period - Shot Misses the Net.
19:39 of 1st period - Wrist shot by Alex Steeves.
19:39 of 1st period - Goal by Alex Steeves - Abbotsford Heat : 1 - Philadelphia Phantoms : 2.
19:40 of 1st period - Jaret Anderson-Dolan wins face-off versus Benoit-Olivier Groulx in neutral zone.
Goals for this period are 1 for Abbotsford Heat vs 2 for Philadelphia Phantoms.
Shots for this period are 11 for Abbotsford Heat vs 19 for Philadelphia Phantoms.
2nd period
0:01 of 2nd period - Cole Sillinger wins face-off versus Nathan Bastian in neutral zone.
0:15 of 2nd period - Snap shot by Cole Sillinger.
0:15 of 2nd period - Stopped by Connor Ingram with a rebound.
0:25 of 2nd period - Alex Limoges is hit by Ben McCartney and loses puck.
1:04 of 2nd period - Slapshot by Mason Shaw.
1:04 of 2nd period - Stopped by Pheonix Copley without a rebound.
1:05 of 2nd period - Blake Lizotte wins face-off versus Cole Sillinger in Abbotsford Heat zone.
1:16 of 2nd period - Wrist shot by Rafael Harvey-Pinard.
1:16 of 2nd period - Shot Blocked by Erik Gustafsson.
2:05 of 2nd period - Snap shot by Cole Perfetti.
2:05 of 2nd period - Stopped by Connor Ingram with a rebound.
2:23 of 2nd period - Slapshot by Lane Pederson.
2:23 of 2nd period - Stopped by Connor Ingram without a rebound.
2:24 of 2nd period - Cole Sillinger wins face-off versus Blake Lizotte in Philadelphia Phantoms zone.
2:33 of 2nd period - Nathan Bastian is hit by Wyatt Newpower and loses puck.
2:50 of 2nd period - Brett Murray is hit by Gabriel Fortier.
3:22 of 2nd period - Snap shot by Jack McBain.
3:22 of 2nd period - Stopped by Pheonix Copley without a rebound.
3:23 of 2nd period - Blake Lizotte wins face-off versus Benoit-Olivier Groulx in Abbotsford Heat zone.
4:15 of 2nd period - Snap shot by Jack McBain.
4:15 of 2nd period - Shot Misses the Net.
4:17 of 2nd period - Slapshot by Juuso Valimaki.
4:17 of 2nd period - Deflect By Ben McCartney.
4:17 of 2nd period - Shot Misses the Net.
4:17 of 2nd period - Puck is out of play.
4:18 of 2nd period - Benoit-Olivier Groulx wins face-off versus Jack McBain in Abbotsford Heat zone.
4:33 of 2nd period - Wrist shot by Jack McBain.
4:33 of 2nd period - Stopped by Pheonix Copley with a rebound.
4:35 of 2nd period - Slapshot by Derrick Pouliot.
4:35 of 2nd period - Stopped by Pheonix Copley with a rebound.
4:37 of 2nd period - Snap shot by Ben McCartney.
4:37 of 2nd period - Goal by Ben McCartney - Abbotsford Heat : 1 - Philadelphia Phantoms : 3.
4:38 of 2nd period - Nathan Bastian wins face-off versus Cole Sillinger in neutral zone.
4:50 of 2nd period - Snap shot by Cole Sillinger.
4:50 of 2nd period - Stopped by Connor Ingram with a rebound.
4:52 of 2nd period - Wrist shot by Lane Pederson.
4:52 of 2nd period - Shot Misses the Net.
4:54 of 2nd period - Wrist shot by Lane Pederson.
4:54 of 2nd period - Shot Blocked by Blake Lizotte.
5:04 of 2nd period - Gabriel Fortier is hit by Jaret Anderson-Dolan and loses puck.
5:29 of 2nd period - Yakov Trenin is hit by Tyson Foerster and loses puck.
6:21 of 2nd period - Off-side.
6:22 of 2nd period - Bobby Brink wins face-off versus Jaret Anderson-Dolan in neutral zone.
6:33 of 2nd period - Brett Murray beats up Vincent Desharnais.
6:33 of 2nd period - Penalty to Brett Murray for Fighting.
6:33 of 2nd period - Penalty to Vincent Desharnais for Fighting.
6:34 of 2nd period - Blake Lizotte wins face-off versus Cole Sillinger in neutral zone.
8:03 of 2nd period - Slapshot by Nick Cousins.
8:03 of 2nd period - Deflect By Michael Anderson.
8:03 of 2nd period - Shot Misses the Net.
8:03 of 2nd period - Puck is out of play.
8:04 of 2nd period - Yakov Trenin wins face-off versus Blake Lizotte in Abbotsford Heat zone.
8:40 of 2nd period - Wrist shot by Nathan Bastian.
8:40 of 2nd period - Stopped by Pheonix Copley without a rebound.
8:41 of 2nd period - Cole Sillinger wins face-off versus Jack McBain in Abbotsford Heat zone.
9:53 of 2nd period - Daniil Miromanov is hit by Tyson Foerster and loses puck.
10:34 of 2nd period - Ben McCartney is hit by Michael Anderson and loses puck.
11:00 of 2nd period - Otto Koivula is hit by Michael Anderson and loses puck.
11:42 of 2nd period - Slapshot by Tyson Foerster.
11:42 of 2nd period - Shot Misses the Net.
12:14 of 2nd period - Wrist shot by Benoit-Olivier Groulx.
12:14 of 2nd period - Shot Misses the Net.
12:46 of 2nd period - Snap shot by Otto Koivula.
12:46 of 2nd period - Stopped by Pheonix Copley with a rebound.
13:08 of 2nd period - Snap shot by Ben McCartney.
13:08 of 2nd period - Stopped by Pheonix Copley without a rebound.
13:09 of 2nd period - Yakov Trenin wins face-off versus Blake Lizotte in Abbotsford Heat zone.
13:09 of 2nd period - Yakov Trenin is hit by Nathan Bastian.
13:27 of 2nd period - Minor Penalty to Nathan Bastian for Tripping.
13:28 of 2nd period - Yakov Trenin wins face-off versus Jack McBain in Philadelphia Phantoms zone.
13:35 of 2nd period - Snap shot by Cole Perfetti.
13:35 of 2nd period - Goal by Cole Perfetti - Abbotsford Heat : 2 - Philadelphia Phantoms : 3.
13:36 of 2nd period - Blake Lizotte wins face-off versus Benoit-Olivier Groulx in neutral zone.
13:39 of 2nd period - Jacob Peterson is hit by Nathan Bastian and loses puck.
13:52 of 2nd period - Snap shot by Jacob Peterson.
13:52 of 2nd period - Shot Misses the Net.
14:41 of 2nd period - Slapshot by Rafael Harvey-Pinard.
14:41 of 2nd period - Shot Misses the Net.
14:53 of 2nd period - Wrist shot by Rafael Harvey-Pinard.
14:53 of 2nd period - Shot Blocked by Erik Gustafsson.
14:55 of 2nd period - Slapshot by Ryan Merkley.
14:55 of 2nd period - Stopped by Connor Ingram with a rebound.
15:15 of 2nd period - Wrist shot by Rafael Harvey-Pinard.
15:15 of 2nd period - Stopped by Connor Ingram with a rebound.
15:17 of 2nd period - Wrist shot by Cole Sillinger.
15:17 of 2nd period - Deflect By Rafael Harvey-Pinard.
15:17 of 2nd period - Shot Blocked by Derrick Pouliot.
15:17 of 2nd period - Puck is out of play.
15:18 of 2nd period - Benoit-Olivier Groulx wins face-off versus Jaret Anderson-Dolan in Philadelphia Phantoms zone.
15:18 of 2nd period - Benoit-Olivier Groulx is hit by Brad Hunt.
15:30 of 2nd period - Snap shot by Benoit-Olivier Groulx.
15:30 of 2nd period - Stopped by Connor Ingram with a rebound.
15:32 of 2nd period - Slapshot by Jacob Peterson.
15:32 of 2nd period - Deflect By Benoit-Olivier Groulx.
15:32 of 2nd period - Stopped by Connor Ingram with a rebound.
15:34 of 2nd period - Snap shot by Jacob Peterson.
15:34 of 2nd period - Shot Misses the Net.
15:40 of 2nd period - Minor Penalty to Juuso Valimaki for Hooking.
15:41 of 2nd period - Jack McBain wins face-off versus Yakov Trenin in Philadelphia Phantoms zone.
15:52 of 2nd period - Snap shot by Cole Perfetti.
15:52 of 2nd period - Shot Misses the Net.
15:54 of 2nd period - Wrist shot by Bobby Brink.
15:54 of 2nd period - Stopped by Connor Ingram with a rebound.
16:23 of 2nd period - Casey Fitzgerald is hit by Dennis Gilbert and loses puck.
16:38 of 2nd period - William Borgen is hit by Cole Perfetti.
16:54 of 2nd period - Icing by Rafael Harvey-Pinard.
16:55 of 2nd period - Blake Lizotte wins face-off versus Rafael Harvey-Pinard in Abbotsford Heat zone.
17:00 of 2nd period - Wrist shot by Blake Lizotte.
17:00 of 2nd period - Stopped by Pheonix Copley without a rebound.
17:01 of 2nd period - Cole Sillinger wins face-off versus Blake Lizotte in Abbotsford Heat zone.
17:40 of 2nd period - Penalty to Juuso Valimaki is over, Juuso Valimaki is back on ice.
18:54 of 2nd period - Snap shot by Ben McCartney.
18:54 of 2nd period - Stopped by Pheonix Copley with a rebound.
19:12 of 2nd period - Snap shot by Vincent Desharnais.
19:12 of 2nd period - Stopped by Connor Ingram with a rebound.
19:50 of 2nd period - Slapshot by Daniil Miromanov.
19:50 of 2nd period - Stopped by Connor Ingram without a rebound.
19:51 of 2nd period - Jack McBain wins face-off versus Shane Pinto in Philadelphia Phantoms zone.
Goals for this period are 1 for Abbotsford Heat vs 1 for Philadelphia Phantoms.
Shots for this period are 12 for Abbotsford Heat vs 10 for Philadelphia Phantoms.
3rd period
0:01 of 3rd period - Yakov Trenin wins face-off versus Blake Lizotte in neutral zone.
0:10 of 3rd period - Bobby Brink is hit by Derrick Pouliot and loses puck.
0:31 of 3rd period - Off-side.
0:32 of 3rd period - Cole Sillinger wins face-off versus Jack McBain in neutral zone.
0:34 of 3rd period - Off-side.
0:35 of 3rd period - Jaret Anderson-Dolan wins face-off versus Yakov Trenin in neutral zone.
0:42 of 3rd period - Minor Penalty to Brett Murray for Cross-checking.
0:43 of 3rd period - Cole Sillinger wins face-off versus Jack McBain in Philadelphia Phantoms zone.
1:09 of 3rd period - Tyson Foerster is hit by Bobby Brink and loses puck.
1:34 of 3rd period - Tyson Foerster is hit by Bobby Brink and loses puck.
2:20 of 3rd period - Snap shot by Cole Perfetti.
2:20 of 3rd period - Stopped by Connor Ingram with a rebound.
2:22 of 3rd period - Slapshot by Michael Anderson.
2:22 of 3rd period - Shot Blocked by Juuso Valimaki.
2:24 of 3rd period - Slapshot by Cole Perfetti.
2:24 of 3rd period - Stopped by Connor Ingram with a rebound.
2:26 of 3rd period - Slapshot by Ryan Merkley.
2:26 of 3rd period - Shot Blocked by Juuso Valimaki.
2:35 of 3rd period - Icing by Yakov Trenin.
2:36 of 3rd period - Nathan Bastian wins face-off versus Yakov Trenin in Abbotsford Heat zone.
2:42 of 3rd period - Penalty to Brett Murray is over, Brett Murray is back on ice.
2:54 of 3rd period - Slapshot by Cole Perfetti.
2:54 of 3rd period - Stopped by Connor Ingram without a rebound.
2:55 of 3rd period - Benoit-Olivier Groulx wins face-off versus Mason Shaw in Philadelphia Phantoms zone.
3:04 of 3rd period - Wrist shot by Alex Steeves.
3:04 of 3rd period - Shot Misses the Net.
3:28 of 3rd period - Snap shot by Rafael Harvey-Pinard.
3:28 of 3rd period - Stopped by Connor Ingram with a rebound.
3:34 of 3rd period - Brad Hunt is hit by Lane Pederson and loses puck.
3:48 of 3rd period - Gabriel Fortier is hit by Ben McCartney and loses puck.
4:06 of 3rd period - Alex Limoges is hit by Erik Gustafsson and loses puck.
4:13 of 3rd period - Vincent Desharnais is hit by Brett Murray and loses puck.
4:24 of 3rd period - Rafael Harvey-Pinard is hit by Casey Fitzgerald and loses puck.
4:45 of 3rd period - Icing by Otto Koivula.
4:46 of 3rd period - Cole Sillinger wins face-off versus Mason Shaw in Philadelphia Phantoms zone.
4:49 of 3rd period - Wrist shot by Cole Sillinger.
4:49 of 3rd period - Stopped by Connor Ingram without a rebound.
4:50 of 3rd period - Blake Lizotte wins face-off versus Cole Sillinger in Philadelphia Phantoms zone.
4:50 of 3rd period - Blake Lizotte is hit by Cole Sillinger.
5:04 of 3rd period - Snap shot by Nick Cousins.
5:04 of 3rd period - Shot Blocked by Daniil Miromanov.
6:09 of 3rd period - Wrist shot by Nick Cousins.
6:09 of 3rd period - Shot Blocked by Lane Pederson.
6:11 of 3rd period - Slapshot by Nick Cousins.
6:11 of 3rd period - Shot Blocked by Vincent Desharnais.
6:18 of 3rd period - Icing by Dennis Gilbert.
6:19 of 3rd period - Mason Shaw wins face-off versus Cole Sillinger in Abbotsford Heat zone.
6:22 of 3rd period - Wrist shot by Otto Koivula.
6:22 of 3rd period - Stopped by Pheonix Copley with a rebound.
6:26 of 3rd period - Wrist shot by Jack McBain.
6:26 of 3rd period - Shot Misses the Net.
6:28 of 3rd period - Slapshot by Casey Fitzgerald.
6:28 of 3rd period - Shot Blocked by Vincent Desharnais.
6:30 of 3rd period - Slapshot by Casey Fitzgerald.
6:30 of 3rd period - Stopped by Pheonix Copley with a rebound.
6:32 of 3rd period - Slapshot by William Borgen.
6:32 of 3rd period - Deflect By Tyson Foerster.
6:32 of 3rd period - Shot Misses the Net.
6:32 of 3rd period - Puck is out of play.
6:33 of 3rd period - Blake Lizotte wins face-off versus Yakov Trenin in Abbotsford Heat zone.
6:42 of 3rd period - Slapshot by Bobby Brink.
6:42 of 3rd period - Stopped by Connor Ingram without a rebound.
6:43 of 3rd period - Blake Lizotte wins face-off versus Yakov Trenin in Philadelphia Phantoms zone.
6:48 of 3rd period - Slapshot by Nathan Bastian.
6:48 of 3rd period - Shot Blocked by Ryan Merkley.
6:50 of 3rd period - Snap shot by Blake Lizotte.
6:50 of 3rd period - Stopped by Pheonix Copley with a rebound.
6:52 of 3rd period - Snap shot by Blake Lizotte.
6:52 of 3rd period - Stopped by Pheonix Copley with a rebound.
6:54 of 3rd period - Slapshot by Brad Hunt.
6:54 of 3rd period - Shot Misses the Net.
6:56 of 3rd period - Wrist shot by Brad Hunt.
6:56 of 3rd period - Stopped by Pheonix Copley with a rebound.
7:31 of 3rd period - Off-side.
7:32 of 3rd period - Jack McBain wins face-off versus Benoit-Olivier Groulx in neutral zone.
7:39 of 3rd period - Snap shot by Jack McBain.
7:39 of 3rd period - Stopped by Pheonix Copley with a rebound.
7:41 of 3rd period - Snap shot by Jack McBain.
7:41 of 3rd period - Stopped by Pheonix Copley with a rebound.
7:43 of 3rd period - Snap shot by Jack McBain.
7:43 of 3rd period - Stopped by Pheonix Copley without a rebound.
7:44 of 3rd period - Benoit-Olivier Groulx wins face-off versus Jaret Anderson-Dolan in Abbotsford Heat zone.
8:18 of 3rd period - Snap shot by Cole Sillinger.
8:18 of 3rd period - Deflect By Lane Pederson.
8:18 of 3rd period - Shot Blocked by Derrick Pouliot.
8:18 of 3rd period - Puck is out of play.
8:19 of 3rd period - Yakov Trenin wins face-off versus Jack McBain in Philadelphia Phantoms zone.
8:30 of 3rd period - Wrist shot by Cole Perfetti.
8:30 of 3rd period - Stopped by Connor Ingram with a rebound.
8:55 of 3rd period - Slapshot by Nathan Bastian.
8:55 of 3rd period - Stopped by Pheonix Copley without a rebound.
8:56 of 3rd period - Jaret Anderson-Dolan wins face-off versus Benoit-Olivier Groulx in Abbotsford Heat zone.
9:01 of 3rd period - Wrist shot by Jaret Anderson-Dolan.
9:01 of 3rd period - Stopped by Pheonix Copley without a rebound.
9:02 of 3rd period - Benoit-Olivier Groulx wins face-off versus Jaret Anderson-Dolan in Abbotsford Heat zone.
9:02 of 3rd period - Benoit-Olivier Groulx is hit by Brett Murray.
9:16 of 3rd period - Wrist shot by Benoit-Olivier Groulx.
9:16 of 3rd period - Deflect By Jacob Peterson.
9:16 of 3rd period - Stopped by Connor Ingram with a rebound.
9:18 of 3rd period - Minor Penalty to Jaret Anderson-Dolan for Cross-checking.
9:19 of 3rd period - Blake Lizotte wins face-off versus Cole Sillinger in Philadelphia Phantoms zone.
9:24 of 3rd period - Blake Lizotte is hit by Rafael Harvey-Pinard and loses puck.
9:29 of 3rd period - Wrist shot by Rafael Harvey-Pinard.
9:29 of 3rd period - Stopped by Connor Ingram with a rebound.
9:31 of 3rd period - Backhand shot by Dennis Gilbert.
9:31 of 3rd period - Shot Misses the Net.
9:33 of 3rd period - Slapshot by Vincent Desharnais.
9:33 of 3rd period - Shot Misses the Net.
11:03 of 3rd period - Dennis Gilbert is hit by Blake Lizotte and loses puck.
11:18 of 3rd period - Penalty to Jaret Anderson-Dolan is over, Jaret Anderson-Dolan is back on ice.
11:19 of 3rd period - Vincent Desharnais is hit by Ben McCartney and loses puck.
11:30 of 3rd period - Wrist shot by Rafael Harvey-Pinard.
11:30 of 3rd period - Stopped by Connor Ingram without a rebound.
11:31 of 3rd period - Jacob Peterson wins face-off versus Mason Shaw in Philadelphia Phantoms zone.
11:34 of 3rd period - Snap shot by Jacob Peterson.
11:34 of 3rd period - Stopped by Connor Ingram with a rebound.
11:36 of 3rd period - Snap shot by Daniil Miromanov.
11:36 of 3rd period - Shot Misses the Net.
11:38 of 3rd period - Slapshot by Daniil Miromanov.
11:38 of 3rd period - Shot Hit the Post.
11:40 of 3rd period - Slapshot by Jacob Peterson.
11:40 of 3rd period - Shot Blocked by Alex Steeves.
11:42 of 3rd period - Slapshot by Daniil Miromanov.
11:42 of 3rd period - Shot Blocked by Alex Steeves.
11:44 of 3rd period - Slapshot by Daniil Miromanov.
11:44 of 3rd period - Shot Misses the Net.
11:46 of 3rd period - Slapshot by Wyatt Newpower.
11:46 of 3rd period - Shot Blocked by Brad Hunt.
11:56 of 3rd period - Wyatt Newpower is hit by Jaret Anderson-Dolan and loses puck.
12:02 of 3rd period - Off-side.
12:03 of 3rd period - Jack McBain wins face-off versus Yakov Trenin in neutral zone.
12:08 of 3rd period - Wrist shot by Ben McCartney.
12:08 of 3rd period - Stopped by Pheonix Copley without a rebound.
12:09 of 3rd period - Yakov Trenin wins face-off versus Jack McBain in Abbotsford Heat zone.
12:14 of 3rd period - Erik Gustafsson is hit by Bobby Brink and loses puck.
12:46 of 3rd period - Snap shot by Nick Cousins.
12:46 of 3rd period - Shot Blocked by Ryan Merkley.
12:51 of 3rd period - Icing by Michael Anderson.
12:52 of 3rd period - Benoit-Olivier Groulx wins face-off versus Jaret Anderson-Dolan in Abbotsford Heat zone.
12:52 of 3rd period - Benoit-Olivier Groulx is hit by Juuso Valimaki.
13:18 of 3rd period - Michael Anderson is hit by Blake Lizotte and loses puck.
14:03 of 3rd period - Ben McCartney is hit by Ryan Merkley and loses puck.
14:49 of 3rd period - Wrist shot by Blake Lizotte.
14:49 of 3rd period - Stopped by Pheonix Copley with a rebound.
14:59 of 3rd period - Snap shot by Blake Lizotte.
14:59 of 3rd period - Stopped by Pheonix Copley without a rebound.
15:00 of 3rd period - Jack McBain wins face-off versus Filip Chlapik in Abbotsford Heat zone.
15:34 of 3rd period - Snap shot by Gabriel Fortier.
15:34 of 3rd period - Goal by Gabriel Fortier - Abbotsford Heat : 3 - Philadelphia Phantoms : 3.
15:35 of 3rd period - Jack McBain wins face-off versus Benoit-Olivier Groulx in neutral zone.
15:38 of 3rd period - Backhand shot by Ben McCartney.
15:38 of 3rd period - Shot Misses the Net.
15:48 of 3rd period - Wrist shot by Alex Limoges.
15:48 of 3rd period - Stopped by Connor Ingram without a rebound.
15:49 of 3rd period - Mason Shaw wins face-off versus Shane Pinto in Philadelphia Phantoms zone.
16:14 of 3rd period - Daniil Miromanov is hit by Nathan Bastian and loses puck.
17:19 of 3rd period - Wrist shot by Lane Pederson.
17:19 of 3rd period - Shot Misses the Net.
17:21 of 3rd period - Wrist shot by Cole Sillinger.
17:21 of 3rd period - Shot Blocked by Derrick Pouliot.
17:23 of 3rd period - Slapshot by Michael Anderson.
17:23 of 3rd period - Deflect By Rafael Harvey-Pinard.
17:23 of 3rd period - Shot Misses the Net.
17:23 of 3rd period - Puck is out of play.
17:24 of 3rd period - Mason Shaw wins face-off versus Yakov Trenin in Philadelphia Phantoms zone.
17:26 of 3rd period - Minor Penalty to William Borgen for Interference.
17:27 of 3rd period - Blake Lizotte wins face-off versus Cole Sillinger in Philadelphia Phantoms zone.
17:37 of 3rd period - Wrist shot by Cole Sillinger.
17:37 of 3rd period - Shot Misses the Net.
17:39 of 3rd period - Snap shot by Rafael Harvey-Pinard.
17:39 of 3rd period - Shot Misses the Net.
17:41 of 3rd period - Snap shot by Rafael Harvey-Pinard.
17:41 of 3rd period - Shot Misses the Net.
18:00 of 3rd period - Wrist shot by Bobby Brink.
18:00 of 3rd period - Stopped by Connor Ingram with a rebound.
18:02 of 3rd period - Slapshot by Ryan Merkley.
18:02 of 3rd period - Shot Blocked by Juuso Valimaki.
19:23 of 3rd period - Lane Pederson is hit by Nathan Bastian and loses puck.
19:26 of 3rd period - Penalty to William Borgen is over, William Borgen is back on ice.
19:38 of 3rd period - Backhand shot by Benoit-Olivier Groulx.
19:38 of 3rd period - Deflect By Brad Hunt.
19:38 of 3rd period - Shot Misses the Net.
19:38 of 3rd period - Puck is out of play.
19:39 of 3rd period - Blake Lizotte wins face-off versus Filip Chlapik in Philadelphia Phantoms zone.
Goals for this period are 1 for Abbotsford Heat vs 0 for Philadelphia Phantoms.
Shots for this period are 14 for Abbotsford Heat vs 13 for Philadelphia Phantoms.
Overtime #1
0:01 of 1st overtime period - Blake Lizotte wins face-off versus Yakov Trenin in neutral zone.
0:06 of 1st overtime period - Snap shot by Nick Cousins.
0:06 of 1st overtime period - Shot Misses the Net.
0:10 of 1st overtime period - Wrist shot by Nick Cousins.
0:10 of 1st overtime period - Stopped by Pheonix Copley with a rebound.
0:12 of 1st overtime period - Wrist shot by Nick Cousins.
0:12 of 1st overtime period - Stopped by Pheonix Copley with a rebound.
0:14 of 1st overtime period - Slapshot by Derrick Pouliot.
0:14 of 1st overtime period - Stopped by Pheonix Copley with a rebound.
0:19 of 1st overtime period - Minor Penalty to Yakov Trenin for Roughing.
0:20 of 1st overtime period - Jaret Anderson-Dolan wins face-off versus Benoit-Olivier Groulx in Abbotsford Heat zone.
0:28 of 1st overtime period - Snap shot by Jaret Anderson-Dolan.
0:28 of 1st overtime period - Shot Misses the Net.
0:30 of 1st overtime period - Slapshot by Jaret Anderson-Dolan.
0:30 of 1st overtime period - Shot Misses the Net.
1:48 of 1st overtime period - Brad Hunt is hit by Michael Anderson and loses puck.
2:11 of 1st overtime period - Blake Lizotte is hit by Shane Pinto and loses puck.
2:19 of 1st overtime period - Penalty to Yakov Trenin is over, Yakov Trenin is back on ice.
2:29 of 1st overtime period - Wrist shot by Yakov Trenin.
2:29 of 1st overtime period - Stopped by Connor Ingram with a rebound.
2:31 of 1st overtime period - Snap shot by Yakov Trenin.
2:31 of 1st overtime period - Stopped by Connor Ingram with a rebound.
2:33 of 1st overtime period - Snap shot by Yakov Trenin.
2:33 of 1st overtime period - Deflect By Benoit-Olivier Groulx.
2:33 of 1st overtime period - Shot Misses the Net.
2:33 of 1st overtime period - Puck is out of play.
2:34 of 1st overtime period - Nathan Bastian wins face-off versus Bobby Brink in Philadelphia Phantoms zone.
2:56 of 1st overtime period - Slapshot by Cole Perfetti.
2:56 of 1st overtime period - Stopped by Connor Ingram without a rebound.
2:57 of 1st overtime period - Yakov Trenin wins face-off versus Blake Lizotte in Philadelphia Phantoms zone.
3:10 of 1st overtime period - Wrist shot by Yakov Trenin.
3:10 of 1st overtime period - Shot Misses the Net.
3:43 of 1st overtime period - Cole Perfetti is hit by Jack McBain and loses puck.
3:53 of 1st overtime period - Icing by Derrick Pouliot.
3:54 of 1st overtime period - Yakov Trenin wins face-off versus Jack McBain in Philadelphia Phantoms zone.
3:57 of 1st overtime period - Wrist shot by Cole Sillinger.
3:57 of 1st overtime period - Shot Misses the Net.
3:59 of 1st overtime period - Wrist shot by Yakov Trenin.
3:59 of 1st overtime period - Stopped by Connor Ingram without a rebound.
4:00 of 1st overtime period - Blake Lizotte wins face-off versus Yakov Trenin in Philadelphia Phantoms zone.
4:13 of 1st overtime period - Snap shot by Cole Sillinger.
4:13 of 1st overtime period - Shot Blocked by Juuso Valimaki.
4:15 of 1st overtime period - Slapshot by Dennis Gilbert.
4:15 of 1st overtime period - Stopped by Connor Ingram with a rebound.
4:22 of 1st overtime period - Icing by Juuso Valimaki.
4:23 of 1st overtime period - Blake Lizotte wins face-off versus Bobby Brink in Philadelphia Phantoms zone.
4:32 of 1st overtime period - Snap shot by Nathan Bastian.
4:32 of 1st overtime period - Stopped by Pheonix Copley without a rebound.
4:33 of 1st overtime period - Jaret Anderson-Dolan wins face-off versus Bobby Brink in Abbotsford Heat zone.
4:34 of 1st overtime period - Wrist shot by Nathan Bastian.
4:34 of 1st overtime period - Shot Blocked by Bobby Brink.
Goals for this period are 0 for Abbotsford Heat vs 0 for Philadelphia Phantoms.
Shots for this period are 5 for Abbotsford Heat vs 4 for Philadelphia Phantoms.
ShootOut
5:00 of 1st overtime period - Round #1.
5:00 of 1st overtime period - Abbotsford Heat, Yakov Trenin.
5:00 of 1st overtime period - Wrist shot by Yakov Trenin.
5:00 of 1st overtime period - Stopped by Connor Ingram.
5:00 of 1st overtime period - Philadelphia Phantoms, Nick Cousins.
5:00 of 1st overtime period - Wrist shot by Nick Cousins.
5:00 of 1st overtime period - Stopped by Pheonix Copley.
5:00 of 1st overtime period - Round #2.
5:00 of 1st overtime period - Abbotsford Heat, Cole Sillinger.
5:00 of 1st overtime period - Wrist shot by Cole Sillinger.
5:00 of 1st overtime period - Shot Misses the Net.
5:00 of 1st overtime period - Philadelphia Phantoms, Jaret Anderson-Dolan.
5:00 of 1st overtime period - Wrist shot by Jaret Anderson-Dolan.
5:00 of 1st overtime period - Shot Misses the Net.
5:00 of 1st overtime period - Round #3.
5:00 of 1st overtime period - Abbotsford Heat, Bobby Brink.
5:00 of 1st overtime period - Deke by Bobby Brink.
5:00 of 1st overtime period - Stopped by Connor Ingram.
5:00 of 1st overtime period - Philadelphia Phantoms, Blake Lizotte.
5:00 of 1st overtime period - Deke by Blake Lizotte.
5:00 of 1st overtime period - Stopped by Pheonix Copley.
5:00 of 1st overtime period - Round #4.
5:00 of 1st overtime period - Abbotsford Heat, Cole Perfetti.
5:00 of 1st overtime period - Backhand shot by Cole Perfetti.
5:00 of 1st overtime period - Goal by Cole Perfetti.
5:00 of 1st overtime period - Philadelphia Phantoms, Jack McBain.
5:00 of 1st overtime period - Wrist shot by Jack McBain.
5:00 of 1st overtime period - Goal by Jack McBain.
5:00 of 1st overtime period - Round #5.
5:00 of 1st overtime period - Abbotsford Heat, Benoit-Olivier Groulx.
5:00 of 1st overtime period - Backhand shot by Benoit-Olivier Groulx.
5:00 of 1st overtime period - Goal by Benoit-Olivier Groulx.
5:00 of 1st overtime period - Philadelphia Phantoms, Nathan Bastian.
5:00 of 1st overtime period - Wrist shot by Nathan Bastian.
5:00 of 1st overtime period - Stopped by Pheonix Copley.
Back to the Top